Map: Echo LE (Void)

Players

Fropez - Winner!

  • Race: Protoss Protoss
  • League: Gold
  • Spawn Location: 11:00

TheToolman

  • Race: Zerg Zerg
  • League: Platinum
  • Spawn Location: 5:00

VOD

Have the link to the VOD?

Description

Time

  • Played on: Dec. 31, 2016, 2:52 p.m.
  • Length: 7:05
Show
View Real Time Build Order
Export as new Build Order

Fropez Protoss - Winner!

Build Orders:  

Get SALT Encoding   

  12  0:01  Probe (Chrono Boost)  
  13  0:11  Probe (Chrono Boost)  
  14  0:28  Pylon  
  14  0:32  Probe (Chrono Boost)  
  15  0:47  Probe (Chrono Boost), Gateway  
  16  0:57  Probe (Chrono Boost), Assimilator  
  17  1:08  Probe (Chrono Boost)  
  19  1:18  Probe (Chrono Boost)  
  19  1:29  Pylon  
  19  1:34  Cybernetics Core  
  19  1:38  Probe (Chrono Boost)  
  20  1:42  Pylon  
  20  1:48  Assimilator  
  20  1:57  Gateway, Warp Gate  
  20  2:13  Gateway  
  20  2:29  Nexus  
  22  2:38  Mothership Core (Chrono Boost)  
  22  2:45  Adept  
  22  2:50  Adept  
  26  3:01  Adept  
  26  3:04  Probe (Chrono Boost)  
  29  3:16  Probe (Chrono Boost)  
  30  3:28  Pylon  
  30  3:31  Probe (Chrono Boost)  
  31  3:40  Adept x3  
  37  3:43  Probe x2 (Chrono Boost)  
  39  3:55  Probe x2 (Chrono Boost), Assimilator  
  41  4:04  Pylon  
  41  4:09  Probe (Chrono Boost)  
  43  4:10  Probe (Chrono Boost)  
  43  4:19  Probe (Chrono Boost), Gateway  
  45  4:25  Probe (Chrono Boost)  
  45  4:30  Probe (Chrono Boost)  
  46  4:35  Adept  
  46  4:37  Probe (Chrono Boost)  
  49  4:40  Probe (Chrono Boost)  
  50  4:46  Twilight Council  
  50  4:49  Probe (Chrono Boost)  
  50  4:50  Adept  
  54  4:53  Probe (Chrono Boost)  
  54  4:56  Adept  
  54  5:37  Pylon  
  54  5:55  Probe (Chrono Boost)  
  54  5:56  Probe (Chrono Boost)  
  56  6:00  Gateway  
  56  6:01  Adept, Pylon, Assimilator  
  58  6:05  Probe (Chrono Boost)  
  58  6:08  Probe (Chrono Boost)  
  60  6:16  Probe (Chrono Boost)  
  61  6:21  Probe (Chrono Boost)  
  62  6:26  Probe (Chrono Boost)  
  62  6:30  Stalker  
  62  6:31  Pylon, Stalker x2  
  70  6:33  Probe (Chrono Boost)  
  70  6:37  Pylon  
  70  6:48  Pylon  
  70  6:49  Probe (Chrono Boost)  
  70  6:51  Probe (Chrono Boost)  
  70  6:52  Adept  
Show
View Real Time Build Order
Export as new Build Order

TheToolman Zerg 

Build Orders: Pool Only 

Get SALT Encoding   

  12  0:01  Drone  
  13  0:09  Drone  
  14  0:18  Extractor  
  14  0:20  Drone  
  14  0:21  Extractor  
  13  0:22  Drone  
  13  0:27  Overlord  
  16  0:35  Extractor  
  15  0:48  Spawning Pool  
  15  0:49  Drone  
  15  0:56  Extractor  
  14  1:01  Drone x2  
  16  1:23  Drone  
  17  1:35  Queen  
  17  1:37  Zergling x4  
  21  1:43  Zergling x2  
  22  1:52  Overlord  
  22  2:00  Overlord  
  22  2:16  Drone  
  22  2:21  Evolution Chamber  
  21  2:25  Pneumatized Carapace  
  21  2:34  Drone  
  22  2:37  Drone  
  23  2:48  Metabolic Boost  
  24  2:51  Zergling x4  
  24  2:53  Drone  
  26  3:03  Zergling x4  
  28  3:15  Drone  
  29  3:22  Spine Crawler  
  29  3:26  Zergling x2  
  30  3:27  Zergling x4  
  30  3:30  Drone  
  32  3:38  Spine Crawler  
  31  3:42  Drone  
  32  3:57  Drone  
  32  3:58  Drone x3  
  32  4:02  Spore Crawler  
  35  4:07  Spine Crawler  
  34  4:15  Spine Crawler  
  33  4:29  Drone  
  33  4:30  Drone x2  
  33  4:31  Zergling x4  
  38  4:32  Overlord  
  38  4:45  Spine Crawler  
  31  5:41  Lair  
  31  5:49  Spine Crawler  
  30  6:05  Spore Crawler  
  30  6:07  Drone  
  30  6:08  Drone x2  
  30  6:24  Zergling x2  
  31  6:33  Zergling x2  
Tags
 
Matchup
PvZ
Opening
Pool Only
Replay Pack
All Mines
Spawn Locations
Cross Positions
Add a new tag
Caveats
  • Supply blocks, unpowered buildings, or Contaminate may cause inaccurate times.
  • Supply counts are checked every 10 seconds.